Map: Ley Lines

Players

KimChiLoVer - Winner!

  • Race: Terran Terran
  • Spawn Location: 7:00

A.I. 1 (Elite)

  • Race: Terran Terran
  • Spawn Location: 1:00

VOD

Have the link to the VOD?

Description

Time

  • Played on: Aug. 9, 2025, 10:17 a.m.
  • Length: 12:12
Show
View Real Time Build Order
Export as new Build Order

KimChiLoVer Terran - Winner!

Build Orders: Reaper Expand 

Get SALT Encoding   

  12  0:00  SCV  
  13  0:13  SCV  
  14  0:16  Supply Depot  
  14  0:25  SCV  
  15  0:38  SCV  
  15  0:39  Barracks  
  16  0:44  Refinery  
  16  0:50  SCV  
  17  1:02  SCV  
  18  1:14  SCV  
  19  1:27  Reaper  
  19  1:28  Orbital Command  
  20  1:39  Command Center  
  20  1:49  Supply Depot  
  20  1:54  SCV  
  20  1:59  Marine  
  22  2:06  Factory, SCV  
  23  2:13  Refinery  
  23  2:18  SCV  
  24  2:25  Barracks Reactor  
  24  2:30  SCV  
  24  2:31  Barracks  
  24  2:36  Barracks  
  25  2:46  SCV, Supply Depot  
  25  2:50  Factory Tech Lab  
  26  2:55  Orbital Command  
  26  3:02  Marine  
  26  3:03  Marine  
  26  3:05  SCV  
  29  3:18  SCV  
  30  3:27  Command Center  
  30  3:32  Stimpack  
  30  3:35  Marine  
  30  3:41  SCV  
  32  3:48  Marine x2  
  34  3:49  Starport  
  34  3:51  SCV  
  34  3:52  Factory Reactor  
  34  3:55  SCV  
  36  4:00  Marine, Engineering Bay  
  37  4:05  SCV  
  37  4:07  SCV  
  39  4:14  Engineering Bay  
  39  4:17  Marine x2, SCV  
  40  4:21  SCV  
  43  4:28  Terran Infantry Weapons Level 1  
  43  4:29  SCV  
  44  4:33  SCV  
  44  4:34  Marine, Supply Depot  
  46  4:40  Orbital Command  
  46  4:41  SCV  
  46  4:44  Factory Tech Lab  
  46  4:45  Medivac  
  49  4:47  Marine  
  49  4:50  Medivac  
  52  5:00  Barracks  
  52  5:02  Barracks, Orbital Command  
  52  5:03  SCV x2  
  54  5:14  Marine x3  
  54  5:15  Marine  
  54  5:18  Terran Infantry Armor Level 1  
  54  5:19  SCV  
  54  5:20  SCV  
  60  5:27  Refinery  
  60  5:28  Refinery  
  60  5:31  SCV  
  60  5:32  Marine x2, SCV  
  60  5:33  Armory, Combat Shield  
  65  5:37  Marine  
  65  5:40  Barracks Reactor  
  65  5:43  SCV  
  65  5:45  SCV  
  67  5:52  Supply Depot  
  67  5:53  Barracks Tech Lab x2  
  67  5:55  Marine x2, Supply Depot  
  67  5:56  Medivac, SCV  
  67  5:57  SCV  
  73  6:08  SCV  
  73  6:09  SCV  
  73  6:10  SCV  
  76  6:14  Siege Tank, Concussive Shells  
  76  6:16  Marine x2, Marauder  
  83  6:20  SCV  
  83  6:21  SCV  
  83  6:22  SCV  
  86  6:27  Terran Infantry Weapons Level 2  
  86  6:32  SCV  
  87  6:33  Refinery, SCV  
  87  6:34  SCV  
  89  6:40  Marine  
  89  6:41  Marine, Marauder  
  93  6:47  Barracks x2  
  93  6:48  Barracks  
  93  6:49  SCV  
  93  7:06  Command Center  
  93  7:09  Starport  
  93  7:12  Supply Depot  
  93  7:15  Medivac x2, Supply Depot x2, SCV x2  
  80  7:27  SCV x2  
  80  7:28  Marine x4, Marauder x2  
  90  7:38  Marine x3, Marauder  
  90  7:39  SCV  
  90  7:43  Terran Infantry Armor Level 2  
  96  7:45  Terran Vehicle And Ship Armor Level 1  
  96  7:47  Starport Reactor  
  96  7:50  Marauder  
  98  7:51  Refinery  
  98  8:02  Siege Tank  
  101  8:07  Barracks Tech Lab  
  101  8:08  Barracks Tech Lab  
  101  8:12  Supply Depot  
  83  8:33  Command Center, SCV x3  
  86  8:34  Siege Tank  
  86  8:39  Barracks Reactor  
  89  8:45  SCV  
  89  8:48  Liberator x2  
  90  8:49  Viking x2  
  90  8:54  Supply Depot x2, Orbital Command  
  100  9:04  SCV x2  
  100  9:05  Command Center  
  100  9:06  Marine x6, Siege Tank, Marauder x2  
  100  9:09  Terran Infantry Weapons Level 3  
  115  9:15  Marine x2, Marauder  
  119  9:24  Marine x5, Supply Depot  
  119  9:25  Marauder  
  119  9:26  Supply Depot  
  119  9:27  Marauder x2  
  130  9:31  Supply Depot  
  130  9:32  Supply Depot  
  130  9:33  Marine x2  
  130  9:36  Marine, Viking x2  
  137  9:39  Siege Tank  
  137  9:41  Marine  
  137  9:42  Marine x2  
  137  9:43  Marauder  
  146  9:45  SCV x2  
  146  9:49  Marine  
  146  9:50  Marine, Marauder x2  
  146  9:51  Marine x2  
  155  9:54  Marine  
  155  9:55  Supply Depot  
  155  9:56  Supply Depot  
  155  9:58  Medivac  
  155  9:59  Marine x3  
  159  10:00  Viking  
  159  10:04  SCV x4, Marauder  
  170  10:07  Marine  
  170  10:08  Marine, Marauder  
  170  10:10  Orbital Command  
  173  10:15  Siege Tank  
  173  10:16  Viking  
  173  10:17  Viking  
  180  10:24  Marine x3  
  180  10:25  Marine x5  
  180  10:27  Marauder  
  190  10:29  Marauder  
  192  10:43  Marauder x2  
  192  10:44  Marine x2, Marauder  
  200  10:53  Armory  
  200  10:56  Armory  
  200  11:01  Orbital Command  
  197  11:17  Marine x7, Marauder  
Show
View Real Time Build Order
Export as new Build Order

A.I. 1 (Elite) Terran 

Build Orders:  

Get SALT Encoding   

  12  0:00  SCV  
  13  0:13  SCV  
  14  0:18  Supply Depot  
  14  0:25  SCV  
  15  0:30  Refinery  
  15  0:40  SCV  
  16  0:48  Barracks  
  16  0:52  SCV  
  17  1:04  SCV  
  18  1:16  SCV  
  19  1:35  Marine  
  19  1:37  Supply Depot  
  19  1:39  Factory, Orbital Command  
  20  1:51  Barracks  
  20  1:53  Marine  
  21  2:05  Refinery, SCV  
  22  2:10  Marine  
  23  2:17  SCV  
  24  2:23  Supply Depot, Factory Tech Lab  
  24  2:29  Marine, SCV  
  26  2:38  Marine  
  27  2:44  Siege Tank  
  27  2:47  SCV  
  27  2:49  Marine  
  32  2:56  Marine  
  33  3:00  Supply Depot  
  33  3:01  SCV  
  34  3:07  Marine  
  35  3:14  Marine  
  35  3:16  Siege Tank  
  39  3:22  SCV  
  39  3:25  Marine  
  41  3:31  Marine  
  41  3:33  Supply Depot  
  42  3:35  SCV  
  43  3:58  Command Center, SCV  
  43  4:01  Barracks Tech Lab  
  44  4:03  Barracks Tech Lab  
  44  4:10  SCV  
  44  4:12  Supply Depot  
  45  4:19  Marine  
  45  4:22  SCV, Marauder  
  49  4:31  Stimpack  
  49  4:34  SCV, Combat Shield  
  49  4:37  Marauder  
  52  4:43  Marauder  
  54  4:50  Engineering Bay  
  54  4:59  Marauder  
  56  5:05  Marauder  
  58  5:10  Supply Depot  
  58  5:11  SCV  
  59  5:14  SCV  
  59  5:15  Terran Infantry Armor Level 1  
  60  5:23  SCV  
  60  5:25  Marauder  
  60  5:27  SCV  
  64  5:32  Marauder  
  66  5:36  SCV  
  66  5:39  SCV  
  68  5:47  Marauder  
  68  5:48  SCV  
  71  5:51  SCV  
  71  5:56  Concussive Shells  
  72  5:57  Marine  
  72  5:58  Engineering Bay  
  72  6:00  SCV, Barracks  
  72  6:03  SCV  
  75  6:08  Marine  
  76  6:11  Command Center  
  76  6:12  SCV  
  77  6:18  SCV  
  77  6:19  Supply Depot  
  77  6:23  Terran Infantry Weapons Level 1  
  77  6:24  SCV  
  79  6:29  Marauder  
  79  6:31  SCV  
  79  6:32  Marauder  
  84  6:36  SCV  
  85  6:41  Siege Tank  
  85  6:43  SCV  
  85  6:45  Supply Depot  
  86  6:47  Barracks Reactor  
  86  6:48  SCV  
  67  6:55  SCV  
  67  7:00  SCV  
  68  7:07  SCV  
  69  7:12  SCV  
  69  7:13  Siege Tank  
  71  7:19  SCV  
  71  7:20  Marine  
  67  7:23  Marine  
  67  7:27  SCV  
  69  7:31  SCV  
  69  7:33  SCV  
  71  7:39  SCV  
  71  7:43  Marine, SCV  
  74  7:47  SCV  
  74  7:51  SCV  
  76  7:55  Marine  
  76  7:56  SCV  
  77  7:59  Marine, SCV  
  77  8:03  SCV  
  75  8:06  Marine  
  75  8:08  Marine, SCV  
  63  8:13  Marine, SCV  
  63  8:17  Marine  
  58  8:23  SCV  
  58  8:25  Marauder  
  58  8:26  Marine  
  53  8:30  SCV x2  
  53  8:31  Marauder  
  57  8:36  SCV  
  57  8:40  Marine  
  59  8:42  SCV  
  59  8:43  SCV  
  59  8:44  Marine  
  59  8:46  Marauder  
  59  8:48  SCV  
  64  8:52  Marauder  
  64  8:54  SCV  
  67  8:57  Marine, SCV  
  67  9:00  SCV  
  67  9:02  Marine  
  71  9:06  Siege Tank, SCV  
  71  9:07  Marauder  
  77  9:12  SCV x2  
  77  9:14  Marauder  
  81  9:18  SCV  
  82  9:24  SCV  
  82  9:29  Marauder  
  82  9:30  SCV, Armory  
  86  9:34  SCV  
  86  9:36  SCV  
  88  9:38  Siege Tank  
  88  9:40  Marauder  
  88  9:42  SCV  
  94  9:46  SCV  
  94  9:48  SCV  
  94  9:50  Marauder  
  98  9:54  SCV  
  98  9:59  Missile Turret, Orbital Command  
  99  10:00  SCV  
  99  10:01  Marauder  
  99  10:02  Missile Turret  
  99  10:04  Supply Depot  
  102  10:10  Siege Tank  
  102  10:11  Missile Turret  
  102  10:13  Missile Turret  
  105  10:16  Barracks  
  105  10:19  Marine, Starport  
  105  10:20  Marine  
  107  10:23  Marauder  
  109  10:29  Supply Depot  
  109  10:36  Refinery x2  
  109  10:37  Marauder  
  109  10:40  Orbital Command  
  114  10:42  Siege Tank  
  114  10:45  Missile Turret  
  114  10:50  Refinery  
  114  10:53  Command Center  
  114  10:57  Medivac  
  114  10:58  SCV x2  
  114  10:59  Supply Depot  
  115  11:07  Marine x2  
  115  11:08  Marine  
  115  11:09  Marine  
  115  11:10  Marine, SCV  
  86  11:15  Widow Mine  
  86  11:17  SCV  
  75  11:22  SCV  
  75  11:25  Marine, Marauder  
  73  11:28  Starport Reactor  
  58  11:36  Siege Tank  
  40  11:51  Marine  
Tags
 
Matchup
TvT
Race
Terran
Spawn Locations
Cross Positions
Add a new tag
Caveats
  • Supply blocks, unpowered buildings, or Contaminate may cause inaccurate times.
  • Supply counts are checked every 10 seconds.